Description

Hello, I am Fullmetal: a Grandmaster Terran and Starcraft 2 coach. This guide will teach you The aggressive opener - Reaper hellion and the banshee followup. This build is very popular in the grandmaster meta and has served me well.

Replay - TvT Build: Reaper, Hellion - Banshee

Build Order

Get SALT Encoding   

  12  0:01  SCV  
  13  0:13  SCV  
  14  0:17  Supply Depot  
  14  0:25  SCV  
  15  0:31  Refinery  
  15  0:39  SCV  
  16  0:44  Barracks  
  16  0:51  SCV  
  17  0:59  Refinery  
  17  1:04  SCV  
  18  1:16  SCV  
  19  1:32  Orbital Command, Factory  
  19  1:39  Reaper  
  20  1:44  Supply Depot  
  20  1:58  SCV  
  21  2:10  SCV  
  22  2:12  Reaper  
  22  2:17  Starport  
  22  2:18  Hellion  
  25  2:22  SCV  
  26  2:28  Supply Depot  
  26  2:35  SCV  
  29  2:40  Hellion  
  29  2:44  Barracks Tech Lab  
  30  2:47  SCV  
  30  2:59  SCV  
  30  3:01  Hellion  
  33  3:06  Cloaking Field  
  36  3:09  Banshee, Barracks Reactor  
  36  3:16  Supply Depot  
  36  3:18  SCV  
  35  3:27  Hellion  
  35  3:30  SCV  
  38  3:46  Command Center  
  38  3:51  SCV  
  37  3:59  Banshee  
  40  4:04  SCV  
  41  4:08  Supply Depot  
  41  4:14  Engineering Bay  
  41  4:15  Barracks Reactor  
  41  4:16  SCV  
  40  4:28  Hellion x2, SCV  
  45  4:41  SCV  
  42  4:47  Raven  
  42  4:50  Hellion x2  
  47  4:53  SCV  
  48  5:01  Orbital Command  
  48  5:05  SCV  
  49  5:18  SCV  
  50  5:23  Hellion x2  
  50  5:27  SCV  
  52  5:30  SCV  
  53  5:35  Missile Turret  
  53  5:40  Viking  
  53  5:41  Command Center  
  55  5:42  SCV  
  55  5:44  Viking  
  55  5:45  SCV  
  59  5:55  Hellion x2, SCV  
  62  6:06  SCV  
  62  6:07  SCV  
  64  6:11  Viking  
  64  6:14  Viking  
  64  6:17  Hellion  
  70  6:21  Supply Depot  
  70  6:23  SCV  
  70  6:24  Hellion  
  69  6:36  SCV  
  69  6:38  Hellion  
  68  6:46  Hellion  
  65  6:48  SCV  
  59  6:55  Orbital Command  
  59  6:58  Barracks Tech Lab  
  59  6:59  Factory, SCV  
  59  7:00  Hellion, SCV  
  63  7:02  Factory, Supply Depot  
  63  7:07  Hellion  
  65  7:09  Viking x2  
  65  7:12  SCV  
  65  7:13  SCV  
  71  7:16  Refinery  
  71  7:18  Refinery  
  71  7:22  Hellion  
  73  7:26  SCV x2  
  73  7:29  Hellion  
  77  7:36  Orbital Command  
  77  7:38  SCV  
  77  7:40  Viking x2, SCV  
  83  7:49  Siege Tank  
  83  7:50  SCV  
  83  7:52  Infernal Pre-Igniter, Siege Tank  
  90  7:56  SCV  
  90  7:58  Refinery  
  91  8:02  SCV  
  91  8:03  SCV  
  91  8:05  Hellion x2  
  97  8:12  Refinery  
  97  8:13  Supply Depot  
  97  8:15  Supply Depot, SCV x2  
  97  8:16  SCV  
  70  8:21  Siege Tank  
  103  8:24  Supply Depot  
  103  8:25  Siege Tank  
  103  8:27  SCV  
  103  8:28  SCV  
  108  8:36  Viking, Hellion x2  
  114  8:40  Viking, SCV  
  117  8:44  Armory  
  117  8:47  Armory  
  115  8:57  Siege Tank  
  118  8:58  Missile Turret  
  125  9:05  Hellion  
  125  9:06  Hellion, Siege Tank  
  125  9:15  Factory  
  125  9:16  Factory, Supply Depot  
  125  9:19  Supply Depot, Missile Turret x2  
  125  9:21  Missile Turret  
  125  9:22  Supply Depot  
  125  9:28  Missile Turret  
  125  9:29  Missile Turret  
  125  9:30  Viking  
  125  9:32  Sensor Tower  
  129  9:34  Viking  
  129  9:38  SCV x3  
  132  9:42  Terran Vehicle Weapons Level 1  
  132  9:44  Terran Vehicle And Ship Armor Level 1  
  132  9:46  Siege Tank  
  135  9:54  Supply Depot  
  139  10:02  Factory Tech Lab, Factory Reactor  
  135  10:06  Starport  
  135  10:07  Command Center  
  135  10:08  Factory Reactor  
  135  10:10  Viking x2  
  139  10:12  Hellion  
  141  10:18  Supply Depot  
  141  10:19  Supply Depot x2  
  141  10:21  Siege Tank  
  141  10:24  Siege Tank x2  
  141  10:25  Siege Tank x4  
  144  10:31  Siege Tank  
  145  10:36  Liberator x2  
  145  10:39  Siege Tank  
  89  10:40  Hellion  
  146  10:51  Hellion  
  146  10:52  Hellion x2  
  160  10:54  Hellion  
  160  11:03  Hellion x2  
  164  11:12  Hellion  
  164  11:15  Hellion  
  164  11:16  Hellion x2, Siege Tank  
  175  11:22  Liberator x2  
  167  11:25  Hellion, Siege Tank  
  167  11:27  Liberator  
  158  11:34  Hellion  
  158  11:36  Hellion  
  158  11:37  Hellion x2  
  142  11:43  Siege Tank x2  
  142  11:44  Siege Tank  
  135  11:49  Siege Tank  
  135  11:50  Command Center  
  138  11:56  Siege Tank  
  138  11:57  Siege Tank  
  143  12:00  Viking  
  135  12:09  Siege Tank x3  
  132  12:15  Hellion x2  
  136  12:23  Viking x2  
  136  12:28  Viking, Terran Vehicle Weapons Level 2, Terran Vehicle And Ship Armor Level 2  
  136  12:31  Viking  
  136  12:32  Siege Tank x3  
  132  12:44  Hellion x2  
  117  12:53  Viking x2, Hellion x2  
  117  12:56  Siege Tank  
  117  12:57  Hellion x2  
  110  13:05  Hellion  
  110  13:08  Orbital Command  
  110  13:09  Planetary Fortress  
  110  13:18  Viking  
  110  13:19  Viking  
  114  13:21  Siege Tank  
  120  13:36  Hellion x5  
  120  13:37  Siege Tank  
  130  13:47  Siege Tank  
  130  13:51  Refinery x2, Missile Turret  
  130  13:54  Siege Tank  
  133  13:58  Hellion, Siege Tank  
  133  14:01  Hellion  
  140  14:08  Hellion x2  
  140  14:10  Siege Tank  
  111  14:19  Hellion  
  111  14:23  Hellion  
Spawning Tool Build Advisor. Get it on Overwolf

Analysis

The goal with the 2 reapers and 2-3 hellions you make is to kill as many marines as you can and pressure your opponents ramp, utilising the new reaper bomb is key to gaining to positional advantage and knocking your opponent's marines around is key.

This early pressure can transition well into either bio or mech. As it stands, mech is very good on the smaller maps, but on the bigger maps like lerilak bio is significantly favored.

I recomend analysing the replays in the "similar builds" tab for more reference for this build. Good luck on ladder!

  • Fullmetal - All-In Academy coach, Charge $20 an hour

Go to:

Details

  • Created by: fullmetalbawie   
  • Published on: Nov 28, 2015
  • Modified on: Nov 28, 2015
  • Patch: Pre-3.8.0
Show
View Real Time Build Order
Export as new Build Order

Comments (1)

On Nov. 19, 2016, 12:10 p.m., zardilior  said:

this is how coaches should promote, have you tried coaching many at a time for the same rate? like in some peep mode?

Create an account to comment!